 Dungeon Crawl Stone Soup version 0.31-a0-702-gf82c85558f (webtiles) character file.

Game seed: 1357921533837663717

6361 zero the Geomancer (level 10, -23/65 HPs)
             Began as a Gargoyle Earth Elementalist on Sept 8, 2023.
             Was a Believer of Vehumet.
             Annihilated by a boulder beetle (55 damage)
             ... on level 11 of the Dungeon.
             The game lasted 00:10:06 (12097 turns).

zero the Geomancer (Gargoyle Earth Elementalist)   Turns: 12097, Time: 00:10:06

Health: -23/65     AC: 12    Str: 10    XL:     10   Next: 96%
Magic:  9/23       EV: 11    Int: 25    God:    Vehumet [**....]
Gold:   512        SH:  7    Dex: 16    Spells: 24/28 levels left

rFire   x . .        J - +5 dagger (venom)
rCold   . . .        u - +3 buckler "Inohitor" {Harm rF- Str-3 Int+6}
rNeg    + . .        a - +1 robe
rPois   ∞            z - +0 helmet
rElec   +            I - +0 cloak
rCorr   .            (no gloves)
SInv    .            (no boots)
Will    .....        (no amulet)
Stlth   ++           A - ring of flight
HPRegen 0.30/turn    G - +6 ring of dexterity
MPRegen 0.18/turn

%: harm (+30% outgoing, +20% incoming)
@: flying
A: sickness immunity, AC +7, negative energy resistance 1, electricity
resistance, torment resistance 1, petrification resistance
a: Renounce Religion


You were on level 11 of the Dungeon.
You worshipped Vehumet.
Vehumet was pleased with you.
You visited 2 branches of the dungeon, and saw 12 of its levels.

You collected 512 gold pieces.

Inventory:

Hand Weapons
 J - a +5 dagger of venom (weapon)
Missiles
 c - 8 boomerangs
 p - 2 throwing nets
 x - 35 poisoned darts
Armour
 a - a +1 robe (worn)
 u - the +3 buckler "Inohitor" (worn) {Harm rF- Str-3 Int+6}
   (You found it on level 7 of the Dungeon)

   Str-3:     It affects your strength (-3).
   Int+6:     It affects your intelligence (+6).
   rF-:       It makes you vulnerable to fire.
   Harm:      It increases damage dealt and taken.
 z - a +0 helmet (worn)
 I - a +0 cloak (worn)
Jewellery
 A - a ring of flight (left hand)
 G - a +6 ring of dexterity (right hand)
Wands
 b - a wand of flame (27)
 r - a wand of quicksilver (5)
 C - a wand of digging (3)
 D - a wand of iceblast (6)
Scrolls
 e - a scroll of immolation
 g - 3 scrolls of teleportation
 i - 5 scrolls of poison
 j - a scroll of butterflies
 o - 4 scrolls of blinking
 E - a scroll of amnesia
 F - a scroll of fear
 H - a scroll of identify
Potions
 d - a potion of cancellation {unknown}
 f - 6 potions of lignification
 h - 2 potions of heal wounds
 k - 4 potions of haste
 l - 6 potions of attraction
 m - a potion of experience {unknown}
 n - a potion of might {unknown}
 q - a potion of mutation {unknown}
 s - 2 potions of curing {unknown}
 t - 4 potions of berserk rage {unknown}
 v - 3 potions of enlightenment {unknown}
 w - 2 potions of resistance {unknown}
 B - 2 potions of brilliance {unknown}
 K - a potion of magic


   Skills:
 + Level 8.6 Fighting
 - Level 1.0 Short Blades
 - Level 1.0 Armour
 - Level 1.5 Dodging
 - Level 2.1 Stealth
 + Level 9.6 Spellcasting
 - Level 5.0 Conjurations
 - Level 0.7 Transmutations
 + Level 10.6 Earth Magic
 - Level 1.0 Evocations


You had 24 spell levels left.
You knew the following spells:

 Your Spells              Type           Power      Damage    Failure   Level
a - Sandblast             Erth           100%       2d20      1%          1
b - Stone Arrow           Conj/Erth      100%       3d13      1%          3

Your spell library contained the following spells:

 Spells                   Type           Power      Damage    Failure   Level
 Poisonous Vapours        Pois/Air       24%        N/A       12%         2
 Passwall                 Tmut/Erth      33%        N/A       1%          2
 Shock                    Conj/Air       96%        1d9       2%          1
 Petrify                  Tmut/Erth      40%        N/A       8%          4
 Hailstorm                Conj/Ice       24%        3d7       9%          3
 Gell's Gravitas          Tloc           12%        N/A       24%         3
 Swiftness                Air            12%        N/A       24%         3
 Teleport Other           Tloc           12%        N/A       24%         3
 Borgnjor's Vile Clutch   Necr/Erth      19%        N/A       24%         5
 Airstrike                Air            6%         2d(1-17)  61%         4
 Animate Dead             Necr           12%        N/A       61%         4
 Summon Ice Beast         Ice/Summ       12%        N/A       61%         4
 Summon Mana Viper        Hex/Summ       12%        N/A       91%         5
 Death Channel            Necr           6%         N/A       100%        6
 Dispersal                Tloc           6%         N/A       100%        6
 Simulacrum               Ice/Necr       6%         N/A       100%        6
 Monstrous Menagerie      Summ           6%         N/A       100%        7


Dungeon Overview and Level Annotations

Branches:
Dungeon (11/15)            Temple (1/1) D:7
   Lair: D:8-11         Orc: D:9-12

Altars:
Ashenzari
Cheibriados
Dithmenos
Elyvilon
Fedhas
Gozag
Hepliaklqana
Kikubaaqudgha
Makhleb
Nemelex Xobeh
Okawaru
Qazlal
Ru
Sif Muna
Trog
Uskayaw
Vehumet
Wu Jian
Xom
Yredelemnul
Zin
The Shining One

Shops:
D:3 :

Annotations:
D:6 Blork the orc, Grinder
D:10 exclusion: orange crystal statue
D:11 Gastronok


Innate Abilities, Weirdness & Mutations

You are immune to sickness and miasma.
Your stone body is resilient. (AC +7)
You are immune to poison.
You resist negative energy. (rN+)
You are resistant to electric shocks. (rElec)
You are resistant to unholy torment.
You are immune to petrification.


Message History

Aim: a boulder beetle (100% to hit)
The stone arrow hits the boulder beetle!!
The boulder beetle is moderately wounded.
The boulder beetle barely misses you.
Casting: Stone Arrow (safe; 1% risk of failure)
Confirm with . or Enter, or press ? or * to list all spells.
Aiming: Stone Arrow (safe; 1% risk of failure)
Press: ? - help, Shift-Dir - straight line, f/p - boulder beetle
Aim: a boulder beetle (moderately wounded, 100% to hit)
The stone arrow hits the boulder beetle!
The boulder beetle is heavily wounded.
The boulder beetle closely misses you.
Casting: Stone Arrow (safe; 1% risk of failure)
Confirm with . or Enter, or press ? or * to list all spells.
Aiming: Stone Arrow (safe; 1% risk of failure)
Press: ? - help, Shift-Dir - straight line, f/p - boulder beetle
Aim: a boulder beetle (heavily wounded, 100% to hit)
The stone arrow hits the boulder beetle!!
The boulder beetle is severely wounded.
The boulder beetle closely misses you.
Casting: Stone Arrow (safe; 1% risk of failure)
Confirm with . or Enter, or press ? or * to list all spells.
Aiming: Stone Arrow (safe; 1% risk of failure)
Press: ? - help, Shift-Dir - straight line, f/p - boulder beetle
Aim: a boulder beetle (severely wounded, 100% to hit)
The stone arrow hits the boulder beetle.
The boulder beetle is severely wounded.
The boulder beetle leaps!
Casting: Stone Arrow (safe; 1% risk of failure)
Confirm with . or Enter, or press ? or * to list all spells.
You can't see any susceptible monsters within range! (Use Z to cast anyway.) Unknown command.
The boulder beetle leaps!
You see here a vampire mosquito corpse.
Gastronok waves his eye-stalks in wide circles.
The air twists around and strikes you!
The boulder beetle curls into a ball and begins rolling!
The boulder beetle hits you!!!
Ouch! That really hurt!
You die...

#..# #.w# #..# #..# #..#
#..# #..# #..# #..# #..#
#..# #..# #..#
###..####################..#
......w......°°○B@.........#
##########..#############..#
#.○# #.># #..# #..# #.B#
#..# #..# #.<# #..# #..#
#..# #..# °... ...#


You could see a boulder beetle (rolling).

Vanquished Creatures
  A troll (D:11)
  Sigmund (D:4)
  10 yaks (D:9)
  2 wyverns
  2 vampire mosquitoes (D:11)
  2 steam dragons
  Duvessa (D:6)
  2 black bears (D:6)
  3 orc warriors
  A sky beast (D:8)
  3 ogres
  4 centaurs
  A phantom (D:6)
  A kobold brigand (D:8)
  5 bullfrogs
  2 scorpions
  13 wights
  Dowan (D:6)
  7 killer bees
  7 howler monkeys
  2 hounds (D:5)
  2 jellies
  A gnoll bouda (D:6)
  3 orc priests
  4 iguanas
  4 orc wizards
  4 gnolls
  6 adders
  A white imp (D:6)
  6 worms
  3 dart slugs
  24 orcs
  10 endoplasms
  14 giant cockroaches
  5 goblins
  6 hobgoblins
  8 jackals
  15 kobolds
  2 quokkas (D:3)
  7 ball pythons
  5 bats
  A frilled lizard (D:1)
  2 rats
204 creatures vanquished.

Vanquished Creatures (others)
  A hound (D:6)
  A shadow imp (D:6)
  An ufetubus (D:6)
3 creatures vanquished.

Grand Total: 207 creatures vanquished

Notes
Turn   | Place    | Note
-------+----------+-------------------------------------------
     0 | D:1      | zero the Gargoyle Earth Elementalist began the quest for
                  | the Orb.
     0 | D:1      | Reached XP level 1. HP: 10/10 MP: 3/3
   189 | D:1      | Reached XP level 2. HP: 16/16 MP: 3/5
   202 | D:1      | Reached skill level 1 in Fighting
  1067 | D:2      | Reached XP level 3. HP: 18/20 MP: 2/6
  1073 | D:2      | Learned a level 3 spell: Stone Arrow
  1236 | D:2      | Reached skill level 4 in Earth Magic
  1583 | D:2      | Reached XP level 4. HP: 26/26 MP: 6/8
  2598 | D:3      | HP: 1/27 [orc priest/divine providence (13)]
  2965 | D:3      | Reached XP level 5. HP: 29/31 MP: 6/9
  3208 | D:3      | Reached skill level 1 in Armour
  3903 | D:3      | Found Surphajue's Book Boutique.
  4330 | D:4      | Reached skill level 1 in Conjurations
  4373 | D:4      | Reached skill level 1 in Evocations
  4417 | D:4      | Noticed Sigmund
  4423 | D:4      | Killed Sigmund
  4424 | D:4      | Reached skill level 1 in Short Blades
  4424 | D:4      | Reached skill level 5 in Earth Magic
  4424 | D:4      | Reached XP level 6. HP: 37/37 MP: 0/12
  4967 | D:5      | Entered Level 5 of the Dungeon
  5152 | D:5      | Reached XP level 7. HP: 41/41 MP: 8/13
  5157 | D:5      | Learned a level 1 spell: Sandblast
  5657 | D:5      | Reached skill level 5 in Spellcasting
  6036 | D:5      | Reached XP level 8. HP: 41/48 MP: 14/16
  6162 | D:6      | Noticed Duvessa
  6200 | D:6      | Killed Duvessa
  6201 | D:6      | Reached skill level 6 in Earth Magic
  6591 | D:6      | Noticed Dowan
  6625 | D:6      | Killed Dowan
  6899 | D:6      | Found a hide-covered altar of Uskayaw.
  7267 | D:6      | Reached skill level 5 in Fighting
  7325 | D:6      | Noticed Blork the orc
  7325 | D:6      | Noticed Grinder
  7794 | D:6      | Reached skill level 7 in Earth Magic
  7794 | D:6      | Reached XP level 9. HP: 54/54 MP: 9/19
  8714 | D:7      | Reached skill level 5 in Conjurations
  8935 | D:7      | Found a staircase to the Ecumenical Temple.
  8942 | Temple   | Entered the Ecumenical Temple
  8957 | Temple   | Became a worshipper of Vehumet
  8979 | D:7      | Identified the +3 buckler "Inohitor" {Harm rF- Str-3 Int+6}
  9269 | D:7      | Found a blossoming altar of Fedhas.
  9269 | D:7      | Found a glowing silver altar of Zin.
  9269 | D:7      | Found an iron altar of Okawaru.
  9505 | D:8      | Reached skill level 8 in Earth Magic
  9807 | D:8      | Reached * piety under Vehumet
  9807 | D:8      | Offered knowledge of Foxfire by Vehumet.
 10181 | D:9      | Reached XP level 10. HP: 61/61 MP: 9/22
 10183 | D:9      | Reached skill level 9 in Earth Magic
 10999 | D:9      | Offered knowledge of Poisonous Vapours by Vehumet.
 11001 | D:9      | Reached skill level 10 in Earth Magic
 11004 | D:9      | Reached ** piety under Vehumet
 11314 | D:10     | Entered Level 10 of the Dungeon
 11463 | D:10     | Noticed an orange crystal statue
 12063 | D:11     | Noticed a boulder beetle
 12074 | D:11     | Noticed Gastronok
 12097 | D:11     | Annihilated by a boulder beetle

Illustrated notes

Levels and vault maps discovered:
D:1:      grunt_arrival_crossed_arrows, layout_basic
D:2:      minmay_roachtagon, layout_basic
D:3:      layout_basic, serial_shops, shop, minmay_distorted
D:4:      layout_cave_pods, serial_column_ruins, column_ruins_hut,
          column_ruins_open_tiny, column_ruins_grid_4, column_ruins_open_medium,
          column_ruins_open_tiny, column_ruins_corridor_T, uniq_sigmund
D:5:      layout_gridville
D:6:      layout_cave_pods, marbit_many_paths, hangedman_glass_teeth,
          uniq_blork_the_orc, uniq_grinder, uniq_duvessa
D:7:      layout_cave_pools, gammafunk_temple_overflow_claw,
          minmay_temple_entry_tees, grunt_decor_mini_mirrors
D:8:      layout_basic
D:9:      layout_basic, eino_tiny_chamber, grunt_decor_cap
D:10:     layout_grid_maze, minmay_statue_bubble, uniq_snorg
D:11:     layout_long_grid, david_lair_generic, portal_ice_cave_entry_pillars_1,
          uniq_erica, uniq_gastronok
Temple:   regret_index_temple_chain_breaker

Skill      XL: |  1  2  3  4  5  6  7  8  9 10 |
---------------+-------------------------------+-----
Fighting       | 1 2 3 4 5 6 8 |  8.6
Earth Magic    | 4 5 7 8 10 | 10.6
Spellcasting   | 3 4 5 6 8 9 |  9.6
Armour         | 1 |  1.0
Conjurations   | 1 2 4 5 |  5.0
Evocations     | 1 |  1.0
Short Blades   | 1 |  1.0
Dodging        | |  1.5
Stealth        | |  2.1
Transmutations | |  0.7

Action                     |  1- 3 |  4- 6 |  7- 9 | 10-12 || total
---------------------------+-------+-------+-------+-------++-------
  Melee: Dagger            |    20 |       |       |       ||    20
         Punch             |     1 |       |       |       ||     1
         Rapier            |       |    12 |       |       ||    12
         Whip              |       |    16 |    18 |     8 ||    42
   Cast: Sandblast         |    52 |    77 |    89 |    46 ||   264
         Stone Arrow       |       |    11 |    53 |    26 ||    90
    Use: Potion            |       |     1 |       |       ||     1
         Scroll            |       |     9 |     8 |       ||    17
   Stab: Sleeping          |     1 |     1 |       |       ||     2
 Armour: Robe              |    30 |    67 |   116 |    29 ||   242
  Dodge: Dodged            |    34 |    55 |    85 |    22 ||   196
  Block: Buckler           |       |       |    12 |     8 ||    20

Table legend: (Time is in decaauts)
 A = Elapsed time spent in this place.
 B = Non-inter-level travel time spent in this place.
 C = Inter-level travel time spent in this place.
 D = Time resting spent in this place.
 E = Time spent auto-exploring this place.
 F = Levels seen in this place.
 G = Mean time per level.
                   A        B        C        D        E       F      G
               +--------+--------+--------+--------+--------+-----+--------+
         Total |  12242 |  11881 |    361 |   3316 |   7182 |  12 | 1020.2 |
       Dungeon |  12211 |  11879 |    332 |   3316 |   7182 |  11 | 1110.1 |
        Temple |     30 |      1 |     29 |      0 |      0 |   1 |   30.0 |
               +--------+--------+--------+--------+--------+-----+--------+

Top non-repeatable levels by time:
     D:6: 2702 daAuts
     D:2: 1605 daAuts
     D:3: 1444 daAuts
     D:5: 1240 daAuts
     D:9: 1196 daAuts
     D:4: 1004 daAuts
     D:1: 978 daAuts
     D:8: 742 daAuts
    D:10: 710 daAuts
     D:7: 507 daAuts
    D:11: 77 daAuts
  Temple: 30 daAuts
